 Dungeon Crawl Stone Soup version 0.30-a0-634-g8abc85282e (webtiles) character file.

Game seed: 2886107099637934051

7561 Caratheodory the Zephyrmancer (level 11, -5/78 HPs)
             Began as an Octopode Air Elementalist on Jan 14, 2023.
             Was a Priest of the Shining One.
             Hit by a large rock thrown by a cyclops (42 damage)
             ... on level 10 of the Dungeon.
             The game lasted 00:42:56 (11670 turns).

Caratheodory the Zephyrmancer (OpAE)               Turns: 11670, Time: 00:42:57

Health: -5/78      AC:  1    Str:  7    XL:     11   Next: 17%
Magic:  3/15       EV: 24    Int: 22    God:    the Shining One [***...]
Gold:   329        SH:  0    Dex: 19    Spells: 9/16 levels left

rFire   . . .      SeeInvis .      - Unarmed
rCold   . . .      Faith    .    (no shield)
rNeg    + + .      Spirit   .    e - +0 hat {Will+}
rPois   .          Reflect  .    z - amulet of magic regeneration
rElec   .          Harm     .    m - +6 ring of dexterity
rCorr   .          Rampage  .    x - +5 ring of evasion
Will    ++...                    y - ring of willpower
Stlth   ++                       A - ring of positive energy
HPRegen 0.33/turn                (no ring)
MPRegen 0.54/turn                (no ring)
                                 (no ring)
                                 (no ring)

@: glowing
A: almost no armour, amphibious, 8 rings, camouflage 1, gelatinous body 1,
(nimble swimmer 1), tentacles
a: Renounce Religion, Divine Shield, Cleansing Flame


You were on level 10 of the Dungeon.
You worshipped the Shining One.
The Shining One was most pleased with you.
You visited 1 branch of the dungeon, and saw 10 of its levels.
You also visited: Ossuary.

You collected 689 gold pieces.
You spent 360 gold pieces at shops.

Inventory:

Missiles
 G - 13 poisoned darts
 J - 3 throwing nets
Armour
 e - a +0 hat of willpower (worn)
Jewellery
 m - a +6 ring of dexterity (left tentacle)
 x - a +5 ring of evasion (right tentacle)
 y - a ring of willpower (on tentacle)
 z - an amulet of magic regeneration (around mantle)
 A - a ring of positive energy (on tentacle)
Wands
 B - a wand of polymorph (4)
 E - a wand of quicksilver (3) (quivered)
 I - a wand of roots (9)
 K - a wand of flame (2)
Scrolls
 b - a scroll of fear
 d - 3 scrolls of magic mapping
 g - 4 scrolls of teleportation
 h - a scroll of blinking {unknown}
 i - 2 scrolls of enchant weapon
 j - 3 scrolls of vulnerability
 p - 3 scrolls of amnesia
 s - a scroll of silence {unknown}
 v - a scroll of immolation {unknown}
 C - 2 scrolls of brand weapon
 F - a scroll of poison {unknown}
Potions
 a - 3 potions of magic
 c - 2 potions of curing
 f - 4 potions of heal wounds
 k - 3 potions of brilliance
 l - 3 potions of ambrosia {unknown}
 n - a potion of flight {unknown}
 o - 2 potions of lignification {unknown}
 q - 4 potions of might
 r - 2 potions of resistance {unknown}
 t - 3 potions of mutation
 u - 3 potions of haste {unknown}
 w - a potion of berserk rage {unknown}
 D - a potion of cancellation {unknown}
 H - a potion of invisibility {unknown}


   Skills:
 + Level 8.3 Fighting
 + Level 8.7 Dodging
 - Level 2.6 Stealth
 + Level 8.3 Unarmed Combat
 - Level 3.0 Spellcasting
 - Level 1.0 Conjurations
 + Level 9.0 Air Magic


You had 9 spell levels left.
You knew the following spells:

 Your Spells              Type           Power      Damage    Failure   Level
a - Shock                 Conj/Air       100%       1d9       1%          1
b - Static Discharge      Conj/Air       50%        2-5/arc   2%          2
c - Airstrike             Air            21%        2d(3-19)  3%          4

Your spell library contained the following spells:

 Spells                   Type           Power      Damage    Failure   Level
 Swiftness                Air            42%        N/A       1%          3
 Ensorcelled Hibernation  Hex/Ice        6%         N/A       19%         2
 Ignite Poison            Fire/Tmut/Pois 3%         N/A       36%         3
 Spider Form              Tmut/Pois      3%         N/A       36%         3
 Sticky Flame             Conj/Fire      5%         2d3       69%         4
 Anguish                  Hex/Necr       1%         N/A       77%         4
 Ignition                 Fire           1%         3d3       100%        8


Dungeon Overview and Level Annotations

Branches:
Dungeon (10/15)            Temple (0/1) D:6         Ossuary (visited)
   Lair: D:8-11         Orc: D:9-12

Altars:
Dithmenos
Kikubaaqudgha
Makhleb
Nemelex Xobeh
Ru
The Shining One

Shops:
D:3 (?(:*   D:8 !


Innate Abilities, Weirdness & Mutations

You cannot wear most types of armour.
You are amphibious.
You can wear up to eight rings at the same time.
Your skin changes colour to match your surroundings (Stealth+).
Your rubbery body absorbs attacks. (AC +1, EV +1)
((You are camouflaged when in or above water. (Stealth+)))
You have tentacles for arms and can constrict up to eight enemies at once.


Message History

The water moccasin completely misses you.
The water moccasin closely misses you.
Casting: Static Discharge (safe; 2% risk of failure)
Confirm with . or Enter, or press ? or * to list all spells.
The water moccasin is struck by an arc of lightning.
The water moccasin is severely wounded.
You are struck by an arc of lightning.
The water moccasin is struck by an arc of lightning.
The water moccasin is severely wounded.
The lightning grounds out.
You constrict the water moccasin.
The water moccasin completely misses you.
Your magical contamination has completely faded away.
Casting: Static Discharge (safe; 2% risk of failure)
Confirm with . or Enter, or press ? or * to list all spells.
The water moccasin is struck by an arc of lightning.
The water moccasin is almost dead.
The wyvern is struck by an arc of lightning.
The wyvern is heavily wounded.
The lightning grounds out.
You constrict the water moccasin.
You kill the water moccasin!
The wyvern completely misses you.
Your Air Magic skill increases to level 9!
Casting: Static Discharge (safe; 2% risk of failure)
Confirm with . or Enter, or press ? or * to list all spells.
Aiming: Airstrike (dangerous; 3% risk of failure)
Press: ? - help, Dir - move target, f - wyvern
Aim: a wyvern (heavily wounded, haloed, empty space bonus: 5/8)
The air twists around and strikes the wyvern.
The wyvern is severely wounded.
The wyvern barely misses you.
Casting: Airstrike (dangerous; 3% risk of failure)
Confirm with . or Enter, or press ? or * to list all spells.
Aiming: Airstrike (dangerous; 3% risk of failure)
Press: ? - help, Dir - move target, f/p - wyvern
Aim: a wyvern (severely wounded, haloed, empty space bonus: 5/8)
The air twists around and strikes the wyvern!
You kill the wyvern!
The cyclops throws a large rock.
The large rock hits you!!!
Ouch! That really hurt!
You die...

#######.##########...#
#...C.........#.....#
#.......#..............#
#.......##.#.C...#.....#
#.......##.#.....#..)..#
#.......##.####..#.....#
##+#..#.##.. #..#.....#
##.#..#.####.##..#.....#...
...#............@†.<....P..
#### #######..#.........
...# .)...#........♣ ##[#
#....#.).♣....P ##..
......#.#....ll♣ ....
.####..#. ....PP. #### .
#..## ..l.Y♣P ## ####
...... .#


You could see a cyclops.

Vanquished Creatures
  Gastronok (D:8)
  A two-headed ogre (D:9)
  A wizard (D:10)
  Maurice (D:9)
  Maggie (D:9)
  2 trolls
  A hornet (D:10)
  A wraith (D:9)
  4 wyverns
  A basilisk (D:10)
  2 water moccasins
  4 orc warriors
  2 ice beasts (D:6)
  A sky beast (D:6)
  A phantom (D:7)
  A centaur (D:10)
  A kobold brigand (D:8)
  Blork the orc (D:5)
  2 bullfrogs
  4 necrophages
  A gnoll sergeant (D:9)
  6 scorpions
  9 wights
  6 killer bees (D:8)
  A centaur zombie (Ossuary)
  A hound (D:5)
  A jelly (D:4)
  2 orc priests
  2 gnoll boudas
  5 orc wizards
  2 iguanas
  4 mummies (Ossuary)
  13 gnolls
  14 adders
  A shadow imp (D:8)
  2 white imps (D:5)
  2 ufetubi
  A worm (D:3)
  33 orcs
  5 bats
  A bat zombie (D:6)
  9 endoplasms
  2 giant cockroaches
  6 hobgoblins
  7 jackals
  7 quokkas
  10 ball pythons
  7 frilled lizards
  5 goblins
  2 goblin zombies (Ossuary)
  10 kobolds
  A kobold zombie (Ossuary)
  4 orc zombies (Ossuary)
  6 rats
  A rat zombie (D:6)
222 creatures vanquished.

Vanquished Creatures (others)
  A bush (D:10)
  3 fungi (D:10)
  26 plants (D:10)
30 creatures vanquished.

Grand Total: 252 creatures vanquished

Notes
Turn   | Place    | Note
-------+----------+-------------------------------------------
     0 | D:1      | Caratheodory the Octopode Air Elementalist began the quest
                  | for the Orb.
     0 | D:1      | Reached XP level 1. HP: 11/11 MP: 3/3
   214 | D:1      | Reached XP level 2. HP: 18/18 MP: 0/5
   715 | D:1      | Reached XP level 3. HP: 22/22 MP: 4/6
   870 | D:1      | Reached skill level 1 in Unarmed Combat
   876 | D:1      | Reached skill level 1 in Fighting
  1551 | D:2      | Reached XP level 4. HP: 23/28 MP: 2/7
  2112 | D:2      | Found a faded altar of an unknown god.
  2518 | D:3      | Found Rooph's Magic Scroll Emporium.
  2526 | D:3      | Bought a scroll of identify for 22 gold pieces
  2591 | D:3      | Reached XP level 5. HP: 24/34 MP: 0/9
  2919 | D:3      | Found Yrhuc's Assorted Antiques.
  2936 | D:3      | Bought a notched copper ring for 110 gold pieces
  3143 | D:3      | Found Bapt's Weapon Boutique.
  3183 | D:3      | Found Haciok's Weapon Emporium.
  3218 | D:3      | Found Ufoisoto's Book Boutique.
  3794 | D:4      | Found a sand-covered staircase.
  3800 | Ossuary  | Entered an ossuary
  3804 | Ossuary  | Learned a level 2 spell: Static Discharge
  3850 | Ossuary  | Reached XP level 6. HP: 39/39 MP: 2/10
  4000 | Ossuary  | Reached skill level 4 in Air Magic
  4589 | D:4      | Found a glowing golden altar of the Shining One.
  4596 | D:4      | Became a worshipper of the Shining One
  5149 | D:5      | Entered Level 5 of the Dungeon
  5161 | D:4      | Reached XP level 7. HP: 42/46 MP: 2/11
  5426 | D:5      | Noticed Blork the orc
  5435 | D:5      | Killed Blork the orc
  5796 | D:5      | Reached skill level 5 in Air Magic
  5871 | D:5      | Reached XP level 8. HP: 47/54 MP: 5/12
  6146 | D:3      | Bought a steel ring for 110 gold pieces
  6146 | D:3      | Bought a scroll labelled CYRU SOUCI DUL for 22 gold pieces
  6192 | D:6      | Noticed a wyvern
  6206 | D:5      | Killed a wyvern
  6354 | D:6      | Reached skill level 5 in Dodging
  6564 | D:6      | Reached * piety under the Shining One
  6800 | D:6      | Reached skill level 6 in Air Magic
  6805 | D:6      | Learned a level 4 spell: Airstrike
  6866 | D:6      | Found a staircase to the Ecumenical Temple.
  7040 | D:6      | Reached skill level 5 in Fighting
  7040 | D:6      | Reached skill level 5 in Unarmed Combat
  7066 | D:6      | Reached XP level 9. HP: 25/61 MP: 7/13
  7293 | D:6      | Found an ancient bone altar of Kikubaaqudgha.
  7791 | D:7      | Found a sacrificial altar of Ru.
  7815 | D:7      | Found a burning altar of Makhleb.
  8127 | D:7      | Reached ** piety under the Shining One
  8699 | D:8      | Reached skill level 7 in Air Magic
  9069 | D:8      | Noticed Gastronok
  9161 | D:8      | Killed Gastronok
  9162 | D:8      | Reached XP level 10. HP: 24/71 MP: 1/14
  9344 | D:8      | Found a shadowy altar of Dithmenos.
  9661 | D:8      | Found Orheesch's Distillery.
  9669 | D:8      | Bought a potion of curing for 36 gold pieces
  9669 | D:8      | Bought a potion of heal wounds for 60 gold pieces
 10031 | D:9      | Reached skill level 8 in Air Magic
 10281 | D:9      | Noticed a two-headed ogre
 10284 | D:9      | Noticed Maurice
 10293 | D:9      | Killed a two-headed ogre
 10336 | D:9      | Killed Maurice
 10600 | D:9      | Noticed Maggie
 10616 | D:9      | Killed Maggie
 10686 | D:9      | Found a sparkling altar of Nemelex Xobeh.
 10942 | D:9      | Identified the +10 short sword "Taenn" {protect, Will+
                  | Int+2}
 11112 | D:10     | Entered Level 10 of the Dungeon
 11112 | D:10     | Reached *** piety under the Shining One
 11112 | D:10     | Noticed a two-headed ogre
 11503 | D:10     | Reached XP level 11. HP: 77/77 MP: 5/15
 11582 | D:10     | Noticed a wizard
 11598 | D:10     | Killed a wizard
 11651 | D:10     | Identified the +5 mace of Iduvocir {freeze, rC+}
 11659 | D:10     | Noticed a cyclops
 11669 | D:10     | Reached skill level 9 in Air Magic
 11670 | D:10     | Hit by a large rock thrown by a cyclops

Illustrated notes

Levels and vault maps discovered:
D:1:      beargit_arrival_diablo_church, layout_loops_ring,
          minmay_misc_feat_tower
D:2:      layout_basic, basic_ecumenical_altar
D:3:      layout_basic, serial_shops, nicolae_lakefront_shop, shop,
          nicolae_shop_temple_entry_statues_fountains, nicolae_lakefront_shop,
          nicolae_shop_hallway_plus
D:4:      layout_loops_ring, tso_altar, nicolae_ossuary_entry_plus
D:5:      layout_basic, uniq_blork_the_orc
D:6:      layout_loops_corners, lemuel_zombie_altar_kikubaaqudgha,
          minmay_temple_entry_arrows, kennysheep_doodads
D:7:      layout_loops_ring, mainiacjoe_overflow_tiny_flanked,
          mainiacjoe_overflow_six_doors_small
D:8:      layout_loops_cross, grunt_dithmenos_smoke_and_mirrors, serial_shops,
          nicolae_shop_crystal, uniq_gastronok
D:9:      layout_basic, nemelex_altar_shiori, serial_curves, eino_curves_03,
          eino_curves_01, eino_curves_04, eino_curves_04, uniq_maggie,
          uniq_maurice
D:10:     minmay_bloctagon, layout_basic, minmay_lair_entry_grove, orc_0_dummy

Skill      XL: |  1  2  3  4  5  6  7  8  9 10 11 |
---------------+----------------------------------+-----
Unarmed Combat | 1 2 3 5 7 8 |  8.3
Fighting       | 1 2 3 5 7 8 |  8.3
Dodging        | 3 4 5 7 8 |  8.7
Spellcasting   | 3 |  3.0
Air Magic      | 4 5 6 7 8 9 |  9.0
Stealth        | |  2.6
Conjurations   | |  1.0

Action                   |  1- 3 |  4- 6 |  7- 9 | 10-12 || total
-------------------------+-------+-------+-------+-------++-------
Melee: Unarmed           |    35 |   100 |   112 |    44 ||   291
       Constrict         |    11 |    27 |    30 |    10 ||    78
       Tentacles         |     9 |    34 |    39 |    16 ||    98
       Punch             |     1 |     2 |     7 |     3 ||    13
Throw: Dart              |       |       |     8 |       ||     8
 Cast: Shock             |    52 |   119 |   111 |    25 ||   307
       Static Discharge  |       |     3 |    38 |    28 ||    69
       Airstrike         |       |       |    30 |    40 ||    70
Evoke: Wand              |       |       |     1 |     5 ||     6
  Use: Scroll            |       |     3 |     3 |     5 ||    11
       Potion            |       |       |     7 |       ||     7
 Stab: Sleeping          |     2 |       |       |       ||     2
Armor: Skin              |     4 |     4 |     3 |       ||    11
Dodge: Dodged            |    17 |    68 |   108 |    46 ||   239

Table legend: (Time is in decaauts)
 A = Elapsed time spent in this place.
 B = Non-inter-level travel time spent in this place.
 C = Inter-level travel time spent in this place.
 D = Time resting spent in this place.
 E = Time spent auto-exploring this place.
 F = Levels seen in this place.
 G = Mean time per level.
                   A        B        C        D        E       F      G
               +--------+--------+--------+--------+--------+-----+--------+
         Total |  11662 |  11176 |    486 |    230 |   9122 |  11 | 1060.2 |
       Dungeon |  11246 |  10760 |    486 |     50 |   9122 |  10 | 1124.6 |
       Ossuary |    416 |    416 |      0 |    180 |      0 |   1 |  416.0 |
               +--------+--------+--------+--------+--------+-----+--------+

Top non-repeatable levels by time:
     D:3: 1481 daAuts
     D:6: 1397 daAuts
     D:9: 1288 daAuts
     D:2: 1229 daAuts
     D:8: 1226 daAuts
     D:1: 1125 daAuts
     D:4: 1123 daAuts
     D:5: 960 daAuts
     D:7: 910 daAuts
    D:10: 502 daAuts
 Ossuary: 416 daAuts
